 Dungeon Crawl Stone Soup version 0.24-a0-520-g8fd06ad0bc (webtiles) character file.

Game seed: 1689187817356998570

134579 AarnesTheHuman the Warrior (level 17, -12/156 HPs)
             Began as a Hill Orc Fire Elementalist on July 24, 2019.
             Was a High Priest of Vehumet.
             Blown up by an orb spider (34 damage)
             ... with an orb of destruction
             ... on level 1 of the Spider Nest on July 26, 2019.
             The game lasted 10:41:26 (59281 turns).

AarnesTheHuman the Warrior (HOFE)                  Turns: 59281, Time: 10:41:27

Health: -12/156    AC: 19    Str: 14    XL:     17   Next: 17%
Magic:  13/31      EV: 10    Int: 19    God:    Vehumet [*****.]
Gold:   818        SH:  5    Dex: 11    Spells: 3/37 levels left

rFire    . . .     SeeInvis .   u - +9 glaive (venom)
rCold    . . .     Gourm    .   (shield currently unavailable)
rNeg     . . .     Faith    .   v - +5 scale mail {MR+}
rPois    +         Spirit   .   q - +2 hat
rElec    .         Reflect  +   a - scarf {cloud immunity}
rCorr    .         Harm     .   (no gloves)
MR       ++...                  N - +1 pair of boots
Stlth    ..........             h - +5 amulet of reflection
HPRegen  0.36/turn              Y - ring of wizardry
MPRegen  0.22/turn              t - ring of poison resistance

@: no status effects
A: no striking features
a: Renounce Religion


You were on level 1 of the Spider Nest.
You worshipped Vehumet.
Vehumet was extremely pleased with you.
You were very hungry.

You visited 6 branches of the dungeon, and saw 30 of its levels.
You also visited: Bailey and Ice Cave.

You collected 3354 gold pieces.
You spent 2536 gold pieces at shops.

Inventory:

Hand Weapons
 u - a +9 glaive of venom (weapon)
Armour
 a - a scarf of cloud immunity (worn)
 b - the +1 plate armour of Kuwau {rC+ rN+ MR+}
   (You found it on level 6 of the Lair of Beasts)

   It protects you from cold.
   It protects you from negative energy.
   It affects your resistance to hostile enchantments.
 i - a +0 helmet
 q - a +2 hat (worn)
 r - a +6 plate armour of ponderousness
 v - a +5 scale mail of magic resistance (worn)
 x - a +2 robe of the Archmagi
 y - the +5 ring mail "Uroriab" {+Fly MR- Str+2}
   (You found it on level 6 of the Lair of Beasts)

   It affects your strength (+2).
   It affects your resistance to hostile enchantments.
   It lets you fly.
 z - a +0 shield
 B - a +1 chain mail of poison resistance
 E - a scarf of spirit shield
 N - a +1 pair of boots (worn)
 X - +0 fire dragon scales
Jewellery
 h - a +5 amulet of reflection (around neck)
 o - a +3 ring of slaying
 t - a ring of poison resistance (right hand)
 F - an uncursed ring of wizardry
 G - a +4 ring of strength
 K - an uncursed amulet of rage
 P - an uncursed ring of resist corrosion
 R - an uncursed ring of fire
 Y - a ring of wizardry (left hand)
Wands
 p - a wand of paralysis (17)
 Q - a wand of random effects (30)
 T - a wand of disintegration (15)
 W - a wand of polymorph (12)
Scrolls
 d - 6 scrolls of remove curse
 f - 9 scrolls of identify
 j - 10 scrolls of teleportation
 l - 5 scrolls of immolation
 s - a scroll of magic mapping
 C - 2 scrolls of fog
 D - 2 scrolls of fear
 V - 3 scrolls of enchant weapon
Potions
 e - 2 potions of flight
 g - 2 potions of curing
 k - a potion of brilliance
 m - 4 potions of might
 n - 3 potions of mutation
 H - 2 potions of lignification
 L - 3 potions of agility
 O - a potion of magic
 U - 2 potions of invisibility
Miscellaneous
 S - a phial of floods (inert)
Comestibles
 c - 5 rations


   Skills:
 + Level 15.6 Fighting
   Level 0.1(6.6) Axes
 * Level 9.0 Polearms
 + Level 13.9 Armour
 - Level 1.5 Dodging
 - Level 1.5 Stealth
 - Level 3.6 Shields
 - Level 10.9 Spellcasting
 - Level 14.4 Conjurations
 - Level 8.6 Fire Magic
 - Level 7.0 Earth Magic
 - Level 1.0 Poison Magic


You had 3 spell levels left.
You knew the following spells:

 Your Spells              Type           Power        Failure   Level  Hunger
a - Flame Tongue          Conj/Fire      #####        1%          1    None
b - Throw Flame           Conj/Fire      ######       1%          2    None
c - Conjure Flame         Conj/Fire      ######..     1%          3    None
d - Iron Shot             Conj/Erth      ######....   4%          6    ######.
e - Venom Bolt            Conj/Pois      #####.....   2%          5    ####...
f - Shock                 Conj/Air       ####         1%          1    None
g - Magic Dart            Conj           ####         1%          1    None
h - Mephitic Cloud        Conj/Pois/Air  ####....     1%          3    None
i - Bolt of Magma         Conj/Fire/Erth #####.....   1%          5    ####...
j - Lee's Rapid Deconstr  Erth           #####.....   3%          5    ####...
k - Poisonous Vapours     Pois/Air       ##....       9%          2    None

Your spell library contained the following spells:

 Spells                   Type           Power        Failure   Level  Hunger
 Bolt of Fire             Conj/Fire      ######....   3%          6    ######.
 Sandblast                Erth           #####.       1%          1    None
 Searing Ray              Conj           ######       1%          2    None
 Dazzling Spray           Conj/Hex       #####.       1%          3    None
 Inner Flame              Hex/Fire       ####....     1%          3    None
 Static Discharge         Conj/Air       #####...     1%          3    None
 Stone Arrow              Conj/Erth      ######       1%          3    None
 Passwall                 Tmut/Erth      ###.....     2%          2    None
 Confusing Touch          Hex            ##....       8%          1    None
 Corona                   Hex            ##.....      8%          1    None
 Slow                     Hex            ##......     12%         2    None
 Confuse                  Hex            ##......     22%         3    None
 Gell's Gravitas          Tloc           ##........   22%         3    None
 Portal Projectile        Hex/Tloc       ##....       22%         3    None
 Force Lance              Conj/Tloc      #####...     1%          4    ##.....
 Fulminant Prism          Conj/Hex       #####.....   1%          4    ##.....
 Iskenderun's Mystic Bla  Conj           ######..     1%          4    ##.....
 Sticky Flame             Conj/Fire      ######..     1%          4    ##.....
 Fireball                 Conj/Fire      ######....   1%          5    ####...
 Iskenderun's Battlesphe  Conj/Chrm      #####...     3%          5    ####...
 Lightning Bolt           Conj/Air       #####.....   3%          5    ####...
 Orb of Destruction       Conj           ######....   4%          7    #######
 Leda's Liquefaction      Hex/Erth       ###.......   17%         4    ##.....
 Petrify                  Tmut/Erth      ###.....     17%         4    ##.....
 Freezing Cloud           Conj/Ice/Air   ####......   36%         6    ######.
 Yara's Violent Unravell  Hex/Tmut       ##........   43%         5    ####...
 Cause Fear               Hex            ##........   56%         4    ##.....
 Spellforged Servitor     Conj/Summ      #####.....   56%         7    #######
 Metabolic Englaciation   Hex/Ice        ##........   88%         5    ####...
 Ignition                 Fire           #####.....   93%         8    #######
 Ring of Flames           Chrm/Fire      ####......   100%        7    #######
 Shatter                  Erth           #####.....   100%        9    #######
 Tornado                  Air            ##........   100%        9    #######


Dungeon Overview and Level Annotations

Branches:
Dungeon (15/15)            Temple (1/1) D:4            Lair (6/6) D:9
  Swamp (4/4) Lair:3       Spider (2/4) Lair:4        Slime (0/5) Lair:5
    Orc (2/2) D:9             Elf (0/3) Orc:2        Vaults (0/5) D:13
 Depths (0/5) D:15

Altars:
Ashenzari
Cheibriados
Dithmenos
Elyvilon
Fedhas
Gozag
Hepliaklqana
Kikubaaqudgha
Makhleb
Nemelex Xobeh
Okawaru
Qazlal
Ru
Sif Muna
Trog
Uskayaw
Vehumet
Wu Jian
Xom
Yredelemnul
Zin
The Shining One
Jiyva

Shops:
D:5 :   D:8 [   Orc:2 =?*}?

Portals:
Trove: D:15 (give +5 demon whip)

Annotations:
D:3 1 exclusion
D:4 1 exclusion
D:5 exclusion: downstairs
D:6 1 exclusion
D:10 1 exclusion
D:11 1 exclusion
D:12 1 exclusion
D:14 2 exclusions
Lair:1 3 exclusions
Lair:2 1 exclusion
Lair:3 2 exclusions
Lair:5 1 exclusion


Message History

The orb spider is engulfed in noxious fumes.
The orb spider weaves a glowing orb of energy.
The orb spider is engulfed in noxious fumes.
The orb spider appears confused.
Your magical contamination has completely faded away.
An orb of destruction comes into view.
Attack whom?
Press: ? - help, Dir - move target cursor, f - redback
Aim: a redback (confused, clinging)
You reach to attack!
You slash the redback!
The redback is poisoned.
The redback is heavily wounded.
The orb spider is engulfed in noxious fumes.
The orb spider appears confused.
You slash the redback!
You kill the redback!
Vehumet accepts your kill.
You feel your power returning.
The orb spider is engulfed in noxious fumes.
The orb spider appears confused.
The orb of destruction hits you!!
You die...

##.#......$..#^# ## #s#.
#.#.......#....# #..#
#....#..#......# ##.s
#........≈...### #...
#..^....≈#ss.# #...
#..#...#...○.# ##..
#.#.......☼#.# ###
#.^....##○†.##### #
#........@...##.##
#....#....#.#....#
#................##
#.#..#...#..#.....## ####
#........#....#....###..##
#.........≈...^..#.......#
#..#......#≈..#..#........
#..........#.#.##.###...#.
#.#....#^#..^.##..^.#.....


You could see 2 orb spiders.

Vanquished Creatures
  Kirke (D:13)
  Aizul (Lair:4)
  An entropy weaver (Lair:4)
  Azrael (D:14)
  An ettin (Orc:2)
  A yaktaur captain (D:15)
  A rakshasa (D:12)
  A fire dragon (D:14)
  13 hydras
  Harold (D:7)
  An ice dragon (Lair:4)
  A ghost crab (Swamp:2)
  6 two-headed ogres
  A shambling mangrove (Swamp:3)
  11 alligators
  A merfolk avatar (Lair:6)
  4 centaur warriors
  An ogre mage (D:13)
  11 death yaks
  3 tengu warriors
  Urug (D:13)
  Sonja (Lair:2)
  3 skeletal warriors
  A swamp dragon (Swamp:1)
  2 sea snakes
  Pikel (D:6)
  3 lindwurms
  An orc knight (Orc:1)
  7 orb spiders
  8 wolf spiders
  3 cyclopes
  3 harpies (Lair:6)
  2 ugly things
  A faun (Lair:1)
  5 orc sorcerers
  A manticore (D:15)
  An elephant (Lair:5)
  2 deep elf magi
  An ice statue (Lair:4)
  5 black mambas
  5 centaur skeletons
  14 spiny frogs
  6 komodo dragons
  7 rime drakes
  2 kobold demonologists
  A yaktaur (D:15)
  4 demonic crawlers
  12 hornets
  13 jumping spiders
  4 trolls
  5 polar bears
  A wind drake (Lair:6)
  7 tyrant leeches
  8 blink frogs (Swamp:3)
  14 slime creatures
  8 bog bodies
  5 hippogriffs
  3 shadows
  A water elemental (D:12)
  28 redbacks
  2 spriggans (Swamp:1)
  56 yaks
  9 tarantellas
  5 wyverns
  Eustachio (D:6)
  2 wraiths
  3 fire elementals
  3 hogs (D:13)
  A hungry ghost (D:8)
  3 steam dragons
  6 vampire mosquitoes
  2 basilisks
  19 swamp worms
  16 insubstantial wisps
  4 wargs
  A swamp worm (shapeshifter) (D:13)
  8 water moccasins
  2 hell hounds (D:14)
  28 orc warriors
  9 porcupines
  6 swamp drakes
  15 ice beasts
  3 sky beasts
  A slave (D:6)
  3 necrophages
  3 black bears
  2 phantoms
  7 ogres
  38 wolves
  13 centaurs
  21 crocodiles
  4 big kobolds
  Blork the orc (D:5)
  19 bullfrogs
  A gnoll sergeant (D:9)
  3 scorpions
  A wyvern skeleton (D:9)
  8 killer bees
  22 wights
  3 electric eels
  10 crimson imps
  2 bullfrog zombies
  4 centaur zombies
  A quasit (D:6)
  8 jellies
  Crazy Yiuf (D:6)
  4 bullfrog skeletons
  14 orc priests
  6 hounds
  21 orc wizards
  3 iguanas
  5 worker ants
  A hound zombie (D:6)
  12 gnolls
  11 adders
  A white imp (Lair:4)
  An ooze (D:6)
  2 worms (D:2)
  A dart slug (D:2)
  6 leopard geckos
  60 orcs
  5 giant cockroaches
  7 goblins
  6 hobgoblins
  12 jackals
  31 kobolds
  4 quokkas
  3 ball pythons (D:1)
  4 bats
  6 frilled lizards
  A leopard gecko skeleton (D:4)
  A quokka zombie (D:7)
  6 rats
  2 butterflies (D:4)
  5 fungi (D:9)
  2 plants
885 creatures vanquished.

Vanquished Creatures (collateral kills)
  A wolf spider (Spider:1)
1 creature vanquished.

Vanquished Creatures (others)
  2 centaur warriors
  2 jumping spiders (Spider:1)
  2 humans (D:13)
  4 orc warriors (Orc:2)
  3 centaurs (D:13)
  An ogre (D:13)
  An orc (Orc:2)
  20 fungi
  10 plants
45 creatures vanquished.

Grand Total: 931 creatures vanquished

Notes
Turn   | Place    | Note
-------+----------+-------------------------------------------
     0 | D:1      | AarnesTheHuman the Hill Orc Fire Elementalist began the
                  | quest for the Orb.
     0 | D:1      | Reached XP level 1. HP: 14/14 MP: 3/3
   107 | D:1      | Reached XP level 2. HP: 19/22 MP: 1/4
   162 | D:1      | Reached skill level 1 in Fighting
   308 | D:1      | Learned a level 2 spell: Throw Flame
   771 | D:1      | Reached XP level 3. HP: 17/28 MP: 1/5
  1415 | D:2      | Learned a level 3 spell: Conjure Flame
  1602 | D:2      | Reached XP level 4. HP: 36/36 MP: 4/7
  1780 | D:2      | Reached skill level 2 in Fighting
  2568 | D:3      | Reached XP level 5. HP: 41/41 MP: 5/8
  3202 | D:4      | Reached XP level 6. HP: 44/50 MP: 0/9
  3309 | D:4      | Learned a level 3 spell: Stone Arrow
  3367 | D:4      | Reached skill level 3 in Fighting
  3584 | D:4      | Found a staircase to the Ecumenical Temple.
  3589 | Temple   | Entered the Ecumenical Temple
  3748 | Temple   | Became a worshipper of Vehumet
  4199 | D:5      | Entered Level 5 of the Dungeon
  4199 | D:5      | Noticed a phantom
  4294 | D:5      | Killed a phantom
  4294 | D:5      | Reached XP level 7. HP: 42/58 MP: 0/11
  4440 | D:5      | Found Qiuhuvij's Book Emporium.
  4523 | D:5      | Reached skill level 5 in Fire Magic
  4634 | D:5      | Reached skill level 4 in Fighting
  4958 | D:5      | Noticed Blork the orc
  4968 | D:5      | Killed Blork the orc
  4968 | D:5      | Reached skill level 5 in Conjurations
  5567 | D:6      | Reached XP level 8. HP: 51/67 MP: 12/12
  5847 | D:6      | Noticed Eustachio
  6046 | D:6      | Found a runed translucent door.
  6047 | D:6      | Noticed Crazy Yiuf
  6054 | D:6      | Killed Crazy Yiuf
  6451 | D:6      | Reached skill level 5 in Fighting
  6467 | D:6      | Killed Eustachio
  6822 | D:6      | Noticed Pikel
  6836 | D:6      | Killed Pikel
  6836 | D:6      | Reached skill level 6 in Fighting
  6836 | D:6      | Reached XP level 9. HP: 59/75 MP: 7/15
  7621 | D:7      | Found a hazy altar of Hepliaklqana.
  7891 | D:7      | Noticed Harold
  7902 | D:7      | Killed Harold
  7902 | D:7      | Reached skill level 7 in Fighting
  8133 | D:7      | Learned a level 5 spell: Fireball
  8560 | D:8      | Found Ugiulu's Antique Armour Shoppe.
  8571 | D:7      | Reached XP level 10. HP: 63/86 MP: 14/17
  8693 | D:8      | Reached skill level 5 in Spellcasting
  8737 | D:8      | Reached * piety under Vehumet
  8737 | D:8      | Offered knowledge of Shock by Vehumet.
  8999 | D:8      | Found a flagged portal.
  9005 | Bailey   | Entered a bailey
  9009 | Bailey   | Learned a level 1 spell: Shock
  9552 | D:8      | Offered knowledge of Magic Dart by Vehumet.
  9552 | D:8      | Reached skill level 8 in Fighting
  9694 | D:8      | Noticed a two-headed ogre
  9722 | D:8      | Killed a two-headed ogre
 10003 | D:8      | Reached skill level 10 in Conjurations
 10039 | D:8      | Reached ** piety under Vehumet
 10256 | D:9      | Reached skill level 1 in Polearms
 10270 | D:9      | Reached XP level 11. HP: 80/95 MP: 16/19
 10374 | D:9      | Found a staircase to the Lair.
 10702 | D:9      | Found a staircase to the Orcish Mines.
 10817 | D:9      | Reached skill level 9 in Fighting
 11014 | D:9      | Found a blossoming altar of Fedhas.
 11466 | D:9      | Learned a level 1 spell: Magic Dart
 11600 | D:9      | Offered knowledge of Searing Ray by Vehumet.
 11938 | D:10     | Entered Level 10 of the Dungeon
 11986 | D:9      | Learned a level 2 spell: Searing Ray
 12510 | D:10     | Noticed a tengu warrior
 12517 | D:10     | Killed a tengu warrior
 12772 | D:10     | Reached *** piety under Vehumet
 13433 | D:11     | Noticed a cyclops
 13449 | D:11     | Killed a cyclops
 13777 | D:11     | Offered knowledge of Dazzling Spray by Vehumet.
 14189 | D:11     | Noticed a two-headed ogre
 14200 | D:11     | Killed a two-headed ogre
 14451 | D:12     | Reached skill level 10 in Fighting
 14661 | D:12     | Reached XP level 12. HP: 54/106 MP: 12/22
 14893 | D:12     | Reached skill level 5 in Polearms
 14967 | Lair:1   | Entered Level 1 of the Lair of Beasts
 15019 | Lair:1   | Reached **** piety under Vehumet
 15028 | Lair:1   | Offered knowledge of Bolt of Magma by Vehumet.
 15531 | D:9      | Learned a level 5 spell: Bolt of Magma
 15634 | Lair:1   | Reached skill level 1 in Shields
 15658 | Lair:1   | Reached skill level 1 in Earth Magic
 16528 | Lair:1   | Reached ***** piety under Vehumet
 16531 | Lair:1   | Reached skill level 11 in Fighting
 16531 | Lair:1   | Reached skill level 1 in Armour
 16539 | Lair:1   | Offered knowledge of Ozocubu's Refrigeration by Vehumet.
 17707 | Lair:2   | Noticed a five-headed hydra
 17867 | Lair:2   | Killed a five-headed hydra
 17888 | Lair:1   | Reached XP level 13. HP: 95/116 MP: 23/25
 17984 | Lair:2   | Noticed Sonja
 18007 | Lair:2   | Killed Sonja
 18413 | D:5      | Bought a book of Power for 495 gold pieces
 18455 | D:5      | Learned a level 5 spell: Venom Bolt
 18639 | D:9      | Learned a level 7 spell: Orb of Destruction
 19876 | Lair:2   | Reached skill level 5 in Armour
 22471 | Lair:3   | Found a staircase to the Swamp.
 24182 | Lair:4   | Found a radiant altar of Vehumet.
 24333 | Lair:4   | Noticed an ice dragon
 24360 | Lair:4   | Killed an ice dragon
 24360 | Lair:4   | Reached skill level 12 in Fighting
 27032 | D:13     | Noticed Kirke
 27056 | D:13     | Killed Kirke
 27100 | D:13     | Found a frozen archway.
 27115 | IceCv    | Entered an ice cave
 27538 | D:13     | Reached XP level 14. HP: 84/127 MP: 9/26
 28012 | D:13     | Reached skill level 5 in Earth Magic
 28770 | D:13     | Noticed Urug
 28779 | D:13     | Killed Urug
 28907 | D:12     | Learned a level 5 spell: Iskenderun's Battlesphere
 29205 | D:13     | Found a gate to the Vaults.
 30624 | D:14     | Reached skill level 13 in Fighting
 30719 | D:14     | Reached skill level 10 in Armour
 30978 | D:14     | Noticed Azrael
 31624 | D:13     | Learned a level 5 spell: Lee's Rapid Deconstruction
 31709 | D:14     | Found a blossoming altar of Fedhas.
 32459 | Lair:4   | Found a hole to the Spider Nest.
 34393 | Lair:5   | Found a runed translucent door.
 34394 | Lair:5   | Found a viscous altar of Jiyva.
 34397 | Lair:5   | Found a staircase to the Slime Pits.
 35537 | Lair:6   | Entered Level 6 of the Lair of Beasts
 35756 | D:5      | Bought a book of Clouds for 495 gold pieces
 35760 | D:5      | Learned a level 3 spell: Mephitic Cloud
 36313 | Lair:6   | Got a shimmering plate armour
 36354 | Lair:5   | Identified the cursed +1 plate armour of Kuwau {rC+ rN+
                  | MR+} (You found it on level 6 of the Lair of Beasts)
 36455 | Lair:6   | Reached XP level 15. HP: 136/136 MP: 9/28
 37047 | Lair:6   | Paralysed by a hornet for 2 turns
 37057 | Lair:5   | Learned a level 2 spell: Poisonous Vapours
 38695 | Lair:6   | Got a polished ring mail
 39283 | D:11     | Identified the +5 ring mail "Uroriab" {+Fly MR- Str+2} (You
                  | found it on level 6 of the Lair of Beasts)
 39408 | Orc:1    | Entered Level 1 of the Orcish Mines
 40019 | Orc:1    | Offered knowledge of Poison Arrow by Vehumet.
 40815 | Orc:2    | Entered Level 2 of the Orcish Mines
 40815 | Orc:2    | Found Loletos's Jewellery Emporium.
 41748 | Orc:2    | Bought an uncursed ring of resist corrosion for 240 gold
                  | pieces
 42507 | Orc:2    | Found Haczexti's Gadget Boutique.
 42507 | Orc:2    | Found Foddelia's General Store.
 42509 | Orc:2    | Found Feesh's Magic Scroll Emporium.
 42511 | Orc:2    | Found Iceneqil's Magic Scroll Shop.
 42520 | Orc:2    | Bought a scroll of enchant weapon for 120 gold pieces
 42526 | Orc:2    | Bought a scroll of enchant armour for 135 gold pieces
 42822 | Orc:2    | Reached skill level 14 in Fighting
 43057 | Orc:2    | Found a staircase to the Elven Halls.
 43808 | Orc:2    | Bought a phial of floods for 600 gold pieces
 43810 | Orc:2    | Bought a scroll of blinking for 135 gold pieces
 43813 | Orc:2    | Bought a wand of disintegration (10) for 196 gold pieces
 43821 | Orc:2    | Bought a scroll of blinking for 120 gold pieces
 44311 | D:14     | Killed Azrael
 44883 | D:15     | Entered Level 15 of the Dungeon
 45798 | D:15     | Reached skill level 10 in Spellcasting
 45833 | D:15     | Learned a level 6 spell: Iron Shot
 45984 | D:15     | Found a portal to a secret trove of treasure.
 46940 | D:15     | Found a staircase to the Depths.
 47504 | Swamp:1  | Entered Level 1 of the Swamp
 48019 | Lair:3   | Reached XP level 16. HP: 128/147 MP: 22/30
 48168 | Swamp:1  | Offered knowledge of Bolt of Cold by Vehumet.
 49599 | Swamp:1  | Found a blossoming altar of Fedhas.
 52938 | Swamp:3  | Offered knowledge of Conjure Ball Lightning by Vehumet.
 54158 | Swamp:3  | Reached skill level 1 in Poison Magic
 54279 | Swamp:3  | Reached skill level 15 in Fighting
 55219 | Swamp:4  | Entered Level 4 of the Swamp
 55463 | Spider:1 | Entered Level 1 of the Spider Nest
 57456 | Spider:1 | You fall into a shaft and drop 1 floor!
 57540 | Spider:2 | Reached XP level 17. HP: 52/156 MP: 20/31
 57686 | Spider:2 | Offered knowledge of Bolt of Fire by Vehumet.
 57717 | Spider:1 | Noticed Aizul
 58489 | Lair:4   | HP: 6/156 [poisoned by Aizul (bolt of poison)]
 58894 | Lair:4   | Killed Aizul
 59281 | Spider:1 | Blown up by an orb spider

Levels and vault maps discovered:
D:1:      dpeg_arrival_shelter, layout_loops_ring
D:2:      layout_basic, minivault_27, grunt_ministairs_12, minmay_box_of_dots
D:3:      layout_rooms, serial_park_tiny_pond, minmay_checkerbox
D:4:      layout_loops_ring, minmay_temple_entry_butterflies, first_ration,
          columned_hall_lemuel
D:5:      layout_basic, serial_shops, shop, uniq_blork_the_orc
D:6:      cheibrodos_steamvent, layout_loops_ring, uniq_crazy_yiuf_cottage,
          uniq_pikel, uniq_eustachio
D:7:      layout_cave_pools, basic_altar, uniq_harold
D:8:      layout_loops_cross, enter_bailey_3, serial_shops, shop
D:9:      layout_basic, lemuel_round_altar, due_lair_maze_entry_diamond,
          orc_0_dummy
D:10:     layout_roguey, grunt_tengu_nest
D:11:     layout_roguey
D:12:     layout_basic
D:13:     layout_roguey, david_vaults_2, portal_ice_cave_entry_pillars_2,
          minmay_statues_item, hangedman_abyss_or_decor_passed, uniq_urug,
          uniq_kirke
D:14:     layout_stronghold, fedhas_altar_3, minmay_misc_feat_doors,
          solitary_fountain, uniq_azrael
D:15:     grunt_enter_depths_snipers, layout_cave_pools,
          nicolae_trove_entry_free_sample
Temple:   grunt_wide_crystal_templ
Lair:1:   layout_small_grid, grunt_forest_large_clearings
Lair:2:   layout_gridlike, wad_woods_road_05, uniq_sonja
Lair:3:   layout_hall_layers, nicolae_swamp_entry_splash_gauntlet, st_stairs_12,
          ldierk_geyser
Lair:4:   layout_regular_city, spider_nest_entry_web_field, basic_altar,
          ice2_lemuel
Lair:5:   layout_misc_corridors, slime_altar_2
Lair:6:   gammafunk_lair_ancient_temple, layout_concentric_octagons,
          nicolae_volcano_entry_vermiform
Swamp:1:  layout_falls_marsh, lemuel_altar_in_water, swamp_pool5,
          hangedman_swamp_blocks
Swamp:2:  layout_falls_marsh, serial_swamp_ruin, evilmike_swamp_ruin_rubble_1,
          evilmike_swamp_ruin_house_4, infiniplex_staircase_pool_2
Swamp:3:  layout_falls_marsh, evilmike_swamp_ruin_house_3, swamp_pool5,
          nicolae_swamp_dense_foliage
Swamp:4:  swamp_basic_johnstein, layout_basic_swamp
Spider:1: layout_spider_delve, guppyfry_spider_mini_3, uniq_aizul
Spider:2: layout_spider_delve
Orc:1:    layout_caves, guppyfry_library_mini
Orc:2:    st_orc_rangers, layout_diamond_mine, gauntlet_entry_generic,
          serial_shops, shop_statue

Skill      XL: |  1  2  3  4  5  6  7  8  9 10 11 12 13 14 15 16 17 |
---------------+----------------------------------------------------+-----
Fighting       | 1 2 3 4 6 7 8 10 11 12 13 14 15 | 15.6
Spellcasting   | 2 3 4 5 6 8 9 10 | 10.9
Conjurations   | 2 3 4 5 7 8 10 11 12 13 14 | 14.4
Fire Magic     | 4 5 6 7 8 |  8.6
Polearms       | 1 4 5 7 8 9 |  9.0
Shields        | 3 |  3.6
Earth Magic    | 3 4 5 6 7 |  7.0
Armour         | 4 8 11 12 13 | 13.9
Poison Magic   | 1 |  1.0
Axes           | |  0.1
Dodging        | |  1.5
Stealth        | |  1.5

Action                   |  1- 3 |  4- 6 |  7- 9 | 10-12 | 13-15 | 16-18 || total
-------------------------+-------+-------+-------+-------+-------+-------++-------
Melee: Spear             |    52 |    77 |       |       |       |       ||   129
       Trident           |       |    43 |   147 |   747 |   260 |       ||  1197
       Unarmed           |       |       |       |       |     3 |       ||     3
       Glaive            |       |       |       |       |   478 |   394 ||   872
 Cast: Flame Tongue      |    40 |    55 |    60 |   278 |   320 |       ||   753
       Throw Flame       |     4 |    21 |    34 |    43 |    99 |    72 ||   273
       Conjure Flame     |       |     1 |     9 |    56 |    50 |    24 ||   140
       Magic Dart        |       |       |       |     5 |     3 |    35 ||    43
       Bolt of Magma     |       |       |       |       |   158 |    28 ||   186
       Stone Arrow       |       |       |       |       |    28 |       ||    28
       Lee's Rapid Decon |       |       |       |       |    14 |       ||    14
       Venom Bolt        |       |       |       |       |    16 |     4 ||    20
       Iskenderun's Batt |       |       |       |       |     4 |       ||     4
       Mephitic Cloud    |       |       |       |       |    63 |    48 ||   111
       Poisonous Vapours |       |       |       |       |   150 |   175 ||   325
       Iron Shot         |       |       |       |       |     8 |    42 ||    50
       Shock             |       |       |       |       |       |     1 ||     1
Evoke: Wand              |       |       |     4 |    14 |    26 |     4 ||    48
       Phial of floods   |       |       |       |       |       |     1 ||     1
  Use: Scroll            |       |    11 |    11 |     8 |    27 |    15 ||    72
       Potion            |       |       |       |       |    11 |    12 ||    23
 Stab: Sleeping          |     1 |     3 |       |       |       |       ||     4
       Distracted        |       |       |       |     1 |       |       ||     1
       Confused          |       |       |       |       |    10 |     4 ||    14
  Eat: Chunk             |     3 |     8 |    12 |    20 |    36 |    12 ||    91
       Ration            |       |     1 |     1 |     5 |    31 |    13 ||    51
Armor: Robe              |     7 |     8 |       |       |       |       ||    15
       Leather armour    |       |     7 |     7 |       |       |       ||    14
       Ring mail         |       |       |    43 |   142 |    16 |       ||   201
       Steam dragon scal |       |       |       |       |    47 |       ||    47
       Scale mail        |       |       |       |       |   326 |   439 ||   765
       Plate armour      |       |       |       |       |     1 |       ||     1
Dodge: Dodged            |    37 |    55 |    86 |   223 |   368 |   344 ||  1113
Block: Other             |       |    18 |    32 |    78 |   143 |   145 ||   416
       Reflection        |       |       |     2 |     7 |    45 |     1 ||    55
       Shield            |       |       |       |   104 |   175 |       ||   279

Table legend:
 A = Non-vault XP
 B = Vault XP
 C = Vault XP percentage of total XP
 D = Non-vault monster count
 E = Vault monster count
 F = Vault count percentage of total count
                 A         B        C        D         E       F
            +---------+---------+-------+---------+---------+-------
      Total |  148843 |   43414 |  22.6 |     713 |     173 |  19.5
            +---------+---------+-------+---------+---------+-------
        D:1 |      36 |      13 |  26.5 |      21 |       1 |   4.5
        D:2 |      49 |       6 |  10.9 |      19 |       2 |   9.5
        D:3 |      44 |      19 |  30.2 |      12 |       4 |  25.0
        D:4 |     421 |       0 |   0.0 |      20 |       0 |   0.0
        D:5 |     408 |      94 |  18.7 |      13 |       1 |   7.1
        D:6 |     541 |    1279 |  70.3 |      11 |       5 |  31.2
        D:7 |     891 |     976 |  52.3 |      15 |       1 |   6.2
        D:8 |    3564 |       7 |   0.2 |      36 |       4 |  10.0
        D:9 |    3869 |    1020 |  20.9 |      50 |       8 |  13.8
       D:10 |    1161 |     864 |  42.7 |      20 |       1 |   4.8
       D:11 |    3880 |       0 |   0.0 |      31 |       0 |   0.0
       D:12 |    6845 |       0 |   0.0 |      37 |       0 |   0.0
       D:13 |    6757 |    6351 |  48.5 |      37 |       9 |  19.6
       D:14 |    7889 |    2035 |  20.5 |      30 |       5 |  14.3
       D:15 |    9388 |    2341 |  20.0 |      26 |       3 |  10.3
     Lair:1 |    7473 |    3331 |  30.8 |      41 |      25 |  37.9
     Lair:2 |    4429 |     814 |  15.5 |      13 |       1 |   7.1
     Lair:3 |   10333 |    1277 |  11.0 |      32 |       7 |  17.9
     Lair:4 |   11984 |    4387 |  26.8 |      28 |      14 |  33.3
     Lair:5 |    7622 |    2315 |  23.3 |      19 |       8 |  29.6
     Lair:6 |    2431 |    8051 |  76.8 |      10 |      21 |  67.7
    Swamp:1 |   10682 |       0 |   0.0 |      23 |       0 |   0.0
    Swamp:2 |    8616 |       0 |   0.0 |      27 |       0 |   0.0
    Swamp:3 |   18999 |     416 |   2.1 |      51 |       3 |   5.6
    Swamp:4 |     265 |       0 |   0.0 |       1 |       0 |   0.0
   Spider:1 |   10184 |    1235 |  10.8 |      32 |       6 |  15.8
   Spider:2 |    5573 |       0 |   0.0 |      16 |       0 |   0.0
      Orc:1 |    1665 |    2531 |  60.3 |      28 |      10 |  26.3
      Orc:2 |    2844 |    4052 |  58.8 |      14 |      34 |  70.8
            +---------+---------+-------+---------+---------+-------
